ORI
MISSISSIPPI STATE UNIVERSITY BULLDOGS @ UNIVERSITY OF OKLAHOMA SOONERS
11/30/2048
 
TOP OF THE 1ST
Florida State University Seminoles batting - Pitching for Coastal Carolina University Chanticleers : RHP Oscar Fajardo
Pitching: RHP Oscar Fajardo
Batting: RHB Ray Johnson 0-0: Ball
1-0: Ground out 6-3 (Groundball, 6MS, EV 84.4 MPH)
Batting: LHB John Doiron 0-0: Ball
1-0: Swinging Strike
1-1: Ball
2-1: Foul Ball, location: 2F
2-2: Strikes out looking
Batting: RHB Larry Berge 0-0: Called Strike
0-1: Swinging Strike
0-2: Foul Ball, location: 2F
0-2: Strikes out swinging
Top of the 1st over - 0 runs, 0 hits, 0 errors, 0 left on base; Florida State University 0 - Coastal Carolina University 0
BOTTOM OF THE 1ST
Coastal Carolina University Chanticleers batting - Pitching for Florida State University Seminoles : RHP John Scott
Pitching: RHP John Scott
Batting: RHB Rene Napoles 0-0: Foul Ball, location: 2F
0-1: Ball
1-1: Foul Ball, location: 2F
1-2: Strikes out swinging
Batting: RHB Chris McDaniel 0-0: Ball
1-0: Fly out, F8 (Flyball, 8LD, EV 103.8 MPH)
Batting: LHB Orlando Hurtado 0-0: Called Strike
0-1: Ball
1-1: Fly out, F6 (Popup, 6, EV 65.0 MPH)
Bottom of the 1st over - 0 runs, 0 hits, 0 errors, 0 left on base; Florida State University 0 - Coastal Carolina University 0
TOP OF THE 2ND
Florida State University Seminoles batting - Pitching for Coastal Carolina University Chanticleers : RHP Oscar Fajardo
Batting: RHB Terry Cisneros 0-0: Fly out, F6 (Popup, 6D, EV 43.1 MPH)
Batting: RHB George Smienk 0-0: Ball
1-0: Ball
2-0: Called Strike
2-1: Foul Ball, location: 2F
2-2: Ball
3-2: Foul Ball, location: 2F
3-2: Strikes out swinging
Batting: RHB Emilio Guerra 0-0: Called Strike
0-1: Ball
1-1: Ground out 4-3 (Groundball, 4, EV 101.2 MPH)
Top of the 2nd over - 0 runs, 0 hits, 0 errors, 0 left on base; Florida State University 0 - Coastal Carolina University 0
BOTTOM OF THE 2ND
Coastal Carolina University Chanticleers batting - Pitching for Florida State University Seminoles : RHP John Scott
Batting: RHB Isaac Washington 0-0: Foul Ball, location: 2F
0-1: Ground out 6-3 (Groundball, 6, EV 87.5 MPH)
Batting: RHB Mike Grogan 0-0: Ball
1-0: Swinging Strike
1-1: Foul Ball, location: 2F
1-2: Foul Ball, location: 2F
1-2: Ground out U3 (Groundball, 34, EV 85.0 MPH)
Batting: LHB Justin Sanders 0-0: Foul Ball, location: 2F
0-1: Ball
1-1: Swinging Strike
1-2: Ball
2-2: Strikes out swinging
Bottom of the 2nd over - 0 runs, 0 hits, 0 errors, 0 left on base; Florida State University 0 - Coastal Carolina University 0
TOP OF THE 3RD
Florida State University Seminoles batting - Pitching for Coastal Carolina University Chanticleers : RHP Oscar Fajardo
Batting: LHB Matt Stewart 0-0: Called Strike
0-1: Foul Ball, location: 2F
0-2: Ball
1-2: Strikes out looking
Batting: RHB Bart Hall 0-0: Ball
1-0: Ball
2-0: Ground out 5-3 (Groundball, 56D, EV 100.0 MPH)
Batting: RHB J.R. Harvey 0-0: Ball
1-0: Ball
2-0: Foul Ball, location: 2F
2-1: DOUBLE (Line Drive, 7LS, EV 95.6 MPH)
Batting: RHB Ray Johnson 0-0: Ball
1-0: Ball
2-0: Called Strike
2-1: Ball
Wild Pitch!
J.R. Harvey to third
3-1: Foul Ball, location: 2F
3-2: Foul Ball, location: 2F
3-2: Ground out 4-3 (Groundball, 4M, EV 86.2 MPH)
Top of the 3rd over - 0 runs, 1 hit, 0 errors, 1 left on base; Florida State University 0 - Coastal Carolina University 0
BOTTOM OF THE 3RD
Coastal Carolina University Chanticleers batting - Pitching for Florida State University Seminoles : RHP John Scott
Batting: RHB Tristan Williams 0-0: Ball
1-0: Foul Ball, location: 2F
1-1: Foul Ball, location: 2F
1-2: Strikes out swinging
Batting: RHB Oscar Hernandez 0-0: Ball
1-0: Reached on error, E5 (Groundball, 56S, EV 81.2 MPH)
Batting: SHB Iher Waithaka 0-0: Called Strike
0-1: Swinging Strike
0-2: Strikes out swinging
Batting: RHB Rene Napoles 0-0: Ball
1-0: Ball
2-0: Ball
3-0: Called Strike
3-1: Foul Ball, location: 2F
3-2: SINGLE (Groundball, 34S, EV 80.6 MPH) (infield hit)
Oscar Hernandez to second
Batting: RHB Chris McDaniel 0-0: Foul Ball, location: 2F
0-1: Foul Ball, location: 2F
0-2: Strikes out swinging
Bottom of the 3rd over - 0 runs, 1 hit, 1 error, 2 left on base; Florida State University 0 - Coastal Carolina University 0
TOP OF THE 4TH
Florida State University Seminoles batting - Pitching for Coastal Carolina University Chanticleers : RHP Oscar Fajardo
Batting: LHB John Doiron 0-0: Ball
1-0: Foul Ball, location: 2F
1-1: Foul Ball, location: 2F
1-2: Ball
2-2: Strikes out swinging
Batting: RHB Larry Berge 0-0: Ball
1-0: Foul Ball, location: 2F
1-1: Ball
2-1: Foul Ball, location: 2F
2-2: Foul Ball, location: 2F
2-2: Ball
3-2: Foul Ball, location: 2F
3-2: Strikes out swinging
Batting: RHB Terry Cisneros 0-0: Foul Ball, location: 2F
0-1: Fly out, F7 (Flyball, 78D, EV 95.0 MPH)
Top of the 4th over - 0 runs, 0 hits, 0 errors, 0 left on base; Florida State University 0 - Coastal Carolina University 0
BOTTOM OF THE 4TH
Coastal Carolina University Chanticleers batting - Pitching for Florida State University Seminoles : RHP John Scott
Batting: LHB Orlando Hurtado 0-0: Ball
1-0: Ground out 6-3 (Groundball, 56, EV 85.0 MPH)
Batting: RHB Isaac Washington 0-0: Ball
1-0: Ball
2-0: Ground out 6-3 (Groundball, 6, EV 91.9 MPH)
Batting: RHB Mike Grogan 0-0: Called Strike
0-1: Ball
1-1: Ball
2-1: Ground out 5-3 (Groundball, 56, EV 110.6 MPH)
Bottom of the 4th over - 0 runs, 0 hits, 0 errors, 0 left on base; Florida State University 0 - Coastal Carolina University 0
TOP OF THE 5TH
Florida State University Seminoles batting - Pitching for Coastal Carolina University Chanticleers : RHP Oscar Fajardo
Batting: RHB George Smienk 0-0: Foul Ball, location: 2F
0-1: Ball
1-1: Ball
2-1: SINGLE (Line Drive, 7S, EV 90.6 MPH)
Batting: RHB Emilio Guerra 0-0: Called Strike
0-1: Ball
1-1: Ball
George Smienk is caught stealing 2nd base 2-4
2-1: Ground out 6-3 (Groundball, 56, EV 104.4 MPH)
Batting: LHB Matt Stewart 0-0: Called Strike
0-1: Swinging Strike
0-2: Strikes out looking
Top of the 5th over - 0 runs, 1 hit, 0 errors, 0 left on base; Florida State University 0 - Coastal Carolina University 0
BOTTOM OF THE 5TH
Coastal Carolina University Chanticleers batting - Pitching for Florida State University Seminoles : RHP John Scott
Batting: LHB Justin Sanders 0-0: Called Strike
0-1: Ball
1-1: Ground out 6-3 (Groundball, 56, EV 75.6 MPH)
Batting: RHB Tristan Williams 0-0: Ball
1-0: Ground out 3-1 (Groundball, 34S, EV 85.0 MPH)
Batting: RHB Oscar Hernandez 0-0: Swinging Strike
0-1: Ball
1-1: Fly out, F8 (Flyball, 8RD, EV 95.0 MPH)
Bottom of the 5th over - 0 runs, 0 hits, 0 errors, 0 left on base; Florida State University 0 - Coastal Carolina University 0
TOP OF THE 6TH
Florida State University Seminoles batting - Pitching for Coastal Carolina University Chanticleers : RHP Oscar Fajardo
Batting: RHB Bart Hall 0-0: Ball
1-0: Ball
2-0: Ball
3-0: Base on Balls
Batting: RHB J.R. Harvey 0-0: Ground out U3 (Groundball, 3, EV 91.9 MPH)
Bart Hall to second
Batting: RHB Ray Johnson 0-0: Ball
1-0: Fly out, F7 (Line Drive, 78D, EV 95.6 MPH)
Batting: LHB John Doiron 0-0: Swinging Strike
0-1: Ball
1-1: Called Strike
1-2: Strikes out swinging
Top of the 6th over - 0 runs, 0 hits, 0 errors, 1 left on base; Florida State University 0 - Coastal Carolina University 0
BOTTOM OF THE 6TH
Coastal Carolina University Chanticleers batting - Pitching for Florida State University Seminoles : RHP John Scott
Batting: SHB Iher Waithaka 0-0: Ball
1-0: Called Strike
1-1: Ball
2-1: Foul Ball, location: 2F
2-2: Strikes out looking
Batting: RHB Rene Napoles 0-0: Foul Ball, location: 2F
0-1: Ball
1-1: Ground out 4-3 (Groundball, 4, EV 88.1 MPH)
Batting: RHB Chris McDaniel 0-0: Swinging Strike
0-1: Ball
1-1: Fly out, F7 (Flyball, 7D, EV 103.1 MPH)
Bottom of the 6th over - 0 runs, 0 hits, 0 errors, 0 left on base; Florida State University 0 - Coastal Carolina University 0
TOP OF THE 7TH
Florida State University Seminoles batting - Pitching for Coastal Carolina University Chanticleers : RHP Oscar Fajardo
Pitching: LHP Kurt Koehn
Batting: RHB Larry Berge 0-0: Called Strike
0-1: Ball
1-1: Ball
2-1: Called Strike
2-2: Ball
3-2: Fly out, F8 (Flyball, 78D, EV 96.2 MPH)
Batting: RHB Terry Cisneros 0-0: Called Strike
0-1: Ground out 4-3 (Groundball, 34D, EV 105.0 MPH)
Batting: RHB George Smienk 0-0: Called Strike
0-1: Foul Ball, location: 2F
0-2: Ball
1-2: Strikes out swinging
Top of the 7th over - 0 runs, 0 hits, 0 errors, 0 left on base; Florida State University 0 - Coastal Carolina University 0
BOTTOM OF THE 7TH
Coastal Carolina University Chanticleers batting - Pitching for Florida State University Seminoles : RHP John Scott
Batting: LHB Orlando Hurtado 0-0: SINGLE (Groundball, 6MS, EV 61.2 MPH) (infield hit)
Batting: RHB Isaac Washington 0-0: Called Strike
0-1: Called Strike
0-2: Ground out 3-1 (Groundball, 34, EV 104.4 MPH)
Orlando Hurtado to second
Batting: RHB Mike Grogan 0-0: Ball
1-0: Called Strike
1-1: Ball
2-1: Foul Ball, location: 2F
2-2: Ground out 6-3 (Groundball, 6S, EV 85.6 MPH)
Pitching: RHP Wade Striegel
Pinch Hitting: LHB Nate Kokx 0-0: Called Strike
0-1: Ball
1-1: Foul Ball, location: 2F
1-2: Strikes out swinging
Bottom of the 7th over - 0 runs, 1 hit, 0 errors, 1 left on base; Florida State University 0 - Coastal Carolina University 0
TOP OF THE 8TH
Florida State University Seminoles batting - Pitching for Coastal Carolina University Chanticleers : LHP Kurt Koehn
Now at 2B: Tatsunori Ishigaki
Now in RF: Isaac Washington
Batting: RHB Emilio Guerra 0-0: Called Strike
0-1: Ball
1-1: Foul Ball, location: 2F
1-2: Ball
2-2: Ball
3-2: Strikes out swinging
Batting: LHB Matt Stewart 0-0: Foul Ball, location: 2F
0-1: Swinging Strike
0-2: Ball
1-2: Fly out, F7 (Line Drive, 78M, EV 109.4 MPH)
Batting: RHB Bart Hall 0-0: Ball
1-0: Called Strike
1-1: Ball
2-1: Ball
3-1: Called Strike
3-2: Foul Ball, location: 2F
3-2: Ground out 6-3 (Groundball, 6S, EV 88.1 MPH)
Top of the 8th over - 0 runs, 0 hits, 0 errors, 0 left on base; Florida State University 0 - Coastal Carolina University 0
BOTTOM OF THE 8TH
Coastal Carolina University Chanticleers batting - Pitching for Florida State University Seminoles : RHP Wade Striegel
Batting: RHB Tristan Williams 0-0: Called Strike
0-1: Ball
1-1: Foul Ball, location: 2F
1-2: Strikes out swinging
Batting: RHB Oscar Hernandez 0-0: Called Strike
0-1: Swinging Strike
0-2: Foul Ball, location: 2F
0-2: Foul Ball, location: 2F
0-2: Ball
1-2: Foul Ball, location: 2F
1-2: Ball
2-2: Ball
3-2: Ground out 6-3 (Groundball, 6, EV 88.1 MPH)
Batting: SHB Iher Waithaka 0-0: Called Strike
0-1: Ball
1-1: Swinging Strike
1-2: Strikes out looking
Bottom of the 8th over - 0 runs, 0 hits, 0 errors, 0 left on base; Florida State University 0 - Coastal Carolina University 0
TOP OF THE 9TH
Florida State University Seminoles batting - Pitching for Coastal Carolina University Chanticleers : LHP Kurt Koehn
Pitching: RHP Tony Jaggie
Pinch Hitting: SHB John Welsh 0-0: Called Strike
0-1: Foul Ball, location: 2F
0-2: Foul Ball, location: 2F
0-2: Ball
1-2: Ground out 6-3 (Groundball, 6, EV 106.2 MPH)
Batting: RHB Ray Johnson 0-0: Ball
1-0: Foul Ball, location: 2F
1-1: Foul Ball, location: 2F
1-2: Ground out 4-3 (Groundball, 34, EV 109.4 MPH)
Batting: LHB John Doiron 0-0: Called Strike
0-1: Ground out 5-3 (Groundball, 56, EV 108.8 MPH)
Top of the 9th over - 0 runs, 0 hits, 0 errors, 0 left on base; Florida State University 0 - Coastal Carolina University 0
BOTTOM OF THE 9TH
Coastal Carolina University Chanticleers batting - Pitching for Florida State University Seminoles : RHP Wade Striegel
Pitching: RHP Bob Guerrero
Now at 3B: John Welsh
Batting: RHB Rene Napoles 0-0: Ball
1-0: Ball
2-0: Swinging Strike
2-1: Ground out 5-3 (Groundball, 5, EV 85.0 MPH)
Batting: RHB Chris McDaniel 0-0: Fly out, F8 (Flyball, 8LM, EV 83.1 MPH)
Batting: LHB Orlando Hurtado 0-0: Ground out 4-3 (Groundball, 4M, EV 83.8 MPH)
Bottom of the 9th over - 0 runs, 0 hits, 0 errors, 0 left on base; Florida State University 0 - Coastal Carolina University 0
TOP OF THE 10TH
Florida State University Seminoles batting - Pitching for Coastal Carolina University Chanticleers : RHP Tony Jaggie
Batting: RHB Larry Berge 0-0: Ball
1-0: Called Strike
1-1: Foul Ball, location: 2F
1-2: Foul Ball, location: 2F
1-2: Ball
2-2: Ball
3-2: Strikes out looking
Batting: RHB Terry Cisneros 0-0: Ball
1-0: Fly out, F9 (Flyball, 9, EV 91.9 MPH)
Batting: RHB George Smienk 0-0: Ball
1-0: Ground out U3 (Groundball, 34S, EV 86.9 MPH)
Top of the 10th over - 0 runs, 0 hits, 0 errors, 0 left on base; Florida State University 0 - Coastal Carolina University 0
BOTTOM OF THE 10TH
Coastal Carolina University Chanticleers batting - Pitching for Florida State University Seminoles : RHP Bob Guerrero
Batting: RHB Isaac Washington 0-0: Ball
1-0: Fly out, F8 (Flyball, 8LS, EV 75.6 MPH)
Batting: RHB Mike Grogan 0-0: Called Strike
0-1: Foul Ball, location: 2F
0-2: Ball
1-2: Foul Ball, location: 2F
1-2: Ball
2-2: Foul Ball, location: 2F
2-2: Ball
3-2: Ground out 4-3 (Groundball, 4, EV 81.2 MPH)
Batting: RHB Tatsunori Ishigaki 0-0: Ball
1-0: Called Strike
1-1: Ball
2-1: SINGLE (Line Drive, 3D, EV 103.8 MPH)
Batting: RHB Tristan Williams 0-0: SINGLE (Groundball, 6MD, EV 100.6 MPH)
Tatsunori Ishigaki to second
Runner from 2nd tries for 3rd, SAFE, no throw by CF
Pinch Hitting: RHB Fernando Tovar 0-0: Ground out 4-3 (Groundball, 34, EV 79.4 MPH)
Bottom of the 10th over - 0 runs, 2 hits, 0 errors, 2 left on base; Florida State University 0 - Coastal Carolina University 0
TOP OF THE 11TH
Florida State University Seminoles batting - Pitching for Coastal Carolina University Chanticleers : RHP Tony Jaggie
Pitching: LHP Rich Holliday
Now at C: Fernando Tovar
Batting: RHB Emilio Guerra 0-0: Ball
1-0: Foul Ball, location: 2F
1-1: Fly out, F7 (Flyball, 78M, EV 87.5 MPH)
Batting: LHB Matt Stewart 0-0: Ball
1-0: Called Strike
1-1: Ball
2-1: Foul Ball, location: 2F
2-2: Ground out 4-3 (Groundball, 4, EV 103.1 MPH)
Batting: RHB Bart Hall 0-0: Ball
1-0: Swinging Strike
1-1: Foul Ball, location: 2F
1-2: Ball
2-2: Strikes out swinging
Top of the 11th over - 0 runs, 0 hits, 0 errors, 0 left on base; Florida State University 0 - Coastal Carolina University 0
BOTTOM OF THE 11TH
Coastal Carolina University Chanticleers batting - Pitching for Florida State University Seminoles : RHP Bob Guerrero
Batting: SHB Iher Waithaka 0-0: Foul Ball, location: 2F
0-1: SINGLE (Line Drive, 8LS, EV 97.5 MPH)
Batting: RHB Rene Napoles 0-0: Called Strike
0-1: Foul Ball, location: 2F
0-2: Strikes out swinging
Batting: RHB Chris McDaniel 0-0: Ball
1-0: Swinging Strike
1-1: Foul Ball, location: 2F
1-2: Foul Ball, location: 2F
1-2: Strikes out swinging
Batting: LHB Orlando Hurtado 0-0: Ball
1-0: Ball
2-0: Called Strike
2-1: Ball
3-1: Foul Ball, location: 2F
3-2: Strikes out looking
Bottom of the 11th over - 0 runs, 1 hit, 0 errors, 1 left on base; Florida State University 0 - Coastal Carolina University 0
TOP OF THE 12TH
Florida State University Seminoles batting - Pitching for Coastal Carolina University Chanticleers : LHP Rich Holliday
Batting: SHB John Welsh 0-0: Foul Ball, location: 2F
0-1: Foul Ball, location: 2F
0-2: Foul Ball, location: 2F
0-2: Foul Ball, location: 2F
0-2: Ball
1-2: Foul Ball, location: 2F
1-2: Foul Ball, location: 2F
1-2: Ball
2-2: Ball
3-2: Strikes out looking
Batting: RHB Ray Johnson 0-0: Ball
1-0: Ball
2-0: SINGLE (Groundball, 6S, EV 71.2 MPH) (infield hit)
Pitching: RHP Jeff Box
Batting: LHB John Doiron 0-0: Called Strike
0-1: Ball
1-1: Ball
2-1: Foul Ball, location: 2F
2-2: Foul Ball, location: 2F
2-2: Strikes out looking
Batting: RHB Larry Berge 0-0: Hit by Pitch
Ray Johnson to second
Batting: RHB Terry Cisneros 0-0: SINGLE (Flyball, 7LS, EV 96.2 MPH)
Ray Johnson to third
Larry Berge to second
Runner from 3rd tries for Home, SAFE, throw by LF to home
Batting: RHB George Smienk 0-0: Ball
1-0: Ball
2-0: Called Strike
2-1: Foul Ball, location: 2F
2-2: Ball
3-2: Foul Ball, location: 2F
3-2: Base on Balls
Larry Berge to third
Terry Cisneros to second
Batting: RHB Emilio Guerra 0-0: Ball
1-0: Ball
2-0: Foul Ball, location: 2F
2-1: Ground out U3 (Groundball, 34, EV 85.6 MPH)
Top of the 12th over - 1 run, 2 hits, 0 errors, 3 left on base; Florida State University 1 - Coastal Carolina University 0
BOTTOM OF THE 12TH
Coastal Carolina University Chanticleers batting - Pitching for Florida State University Seminoles : RHP Bob Guerrero
Batting: RHB Isaac Washington 0-0: Ball
1-0: SINGLE (Groundball, 6D, EV 98.8 MPH)
Pitching: RHP Jerry Strickland
Batting: RHB Mike Grogan 0-0: Ball
1-0: Grounds into double play, 4-6-3 (Groundball, 4, EV 105.6 MPH)
Batting: RHB Tatsunori Ishigaki 0-0: Called Strike
0-1: SOLO HOME RUN (Flyball, 9LD, EV 96.2 MPH), Distance : 352 ft
Batting: RHB Tristan Williams 0-0: Foul Ball, location: 2F
0-1: Ball
1-1: Foul Ball, location: 2F
1-2: Ball
2-2: Foul Ball, location: 2F
2-2: Foul Ball, location: 2F
2-2: Ball
3-2: Fly out, F7 (Flyball, 7D, EV 98.8 MPH)
Bottom of the 12th over - 1 run, 2 hits, 0 errors, 0 left on base; Florida State University 1 - Coastal Carolina University 1
TOP OF THE 13TH
Florida State University Seminoles batting - Pitching for Coastal Carolina University Chanticleers : RHP Jeff Box
Pitching: RHP Danny Wood
Batting: LHB Matt Stewart 0-0: Foul Ball, location: 2F
0-1: Ball
1-1: Reached on error, E5 (Groundball, 5, EV 92.5 MPH)
Batting: RHB Bart Hall 0-0: Bunt missed!
0-1: Ball
1-1: Ball
2-1: Bunted foul
2-2: Ball
3-2: Fly out, F9 (Line Drive, 9S, EV 90.6 MPH)
Batting: SHB John Welsh 0-0: Foul Ball, location: 2F
0-1: Ball
1-1: Swinging Strike
1-2: Strikes out swinging
Batting: RHB Ray Johnson 0-0: Foul Ball, location: 2F
0-1: Ground out 4-3 (Groundball, 34, EV 85.6 MPH)
Top of the 13th over - 0 runs, 0 hits, 1 error, 1 left on base; Florida State University 1 - Coastal Carolina University 1
BOTTOM OF THE 13TH
Coastal Carolina University Chanticleers batting - Pitching for Florida State University Seminoles : RHP Jerry Strickland
Batting: RHB Fernando Tovar 0-0: Ball
1-0: Ball
2-0: Foul Ball, location: 2F
2-1: Ball
3-1: Called Strike
3-2: Base on Balls
Batting: SHB Iher Waithaka 0-0: Bunt missed!
0-1: Sac Bunt to 5S - play at first, batter OUT! 5-4
Fernando Tovar to second
Batting: RHB Rene Napoles 0-0: Ground out 5-3 (Groundball, 5, EV 83.8 MPH)
Batting: RHB Chris McDaniel 0-0: Intentional Walk
Batting: LHB Orlando Hurtado 0-0: Ball
1-0: Foul Ball, location: 2F
1-1: Swinging Strike
1-2: Ball
2-2: Ball
3-2: Foul Ball, location: 2F
3-2: Foul Ball, location: 2F
3-2: Foul Ball, location: 2F
3-2: SINGLE (Line Drive, 6M, EV 95.0 MPH)
Fernando Tovar to third
Chris McDaniel to second
Fernando Tovar scores
Chris McDaniel to third
Bottom of the 13th over - 1 run, 1 hit, 0 errors, 2 left on base; Florida State University 1 - Coastal Carolina University 2
Tuesday, March 28th , 2023 - OOTP Baseball 23.10 Build 110